 Dungeon Crawl Stone Soup version 0.28.0-62-gf88900778d (webtiles) character file.

Game seed: 855059057755599948

34502 cbfl8 the Cleaver (level 13, -5/101 (104) HPs)
             Began as a Minotaur Fighter on Aug 23, 2023.
             Was an Elder of Hepliaklqana.
             Slain by Snorg (8 damage)
             ... on level 14 of the Dungeon.
             The game lasted 00:29:12 (23573 turns).

cbfl8 the Cleaver (Minotaur Fighter)               Turns: 23573, Time: 00:29:13

HP:   -5/101 (104)  AC: 22    Str: 27    XL:     13   Next: 42%
MP:   12/12         EV:  8    Int:  5    God:    Hepliaklqana [****..]
Gold: 1590          SH: 11    Dex: 15    Spells: 12/12 levels left

rFire   . . .      SeeInvis +   a - +0 war axe (freeze)
rCold   . . .      Faith    .   F - +0 kite shield {AC+3}
rNeg    . . .      Spirit   .   l - +0 plate armour
rPois   .          Reflect  .   (helmet restricted)
rElec   .          Harm     .   k - +0 cloak
rCorr   .          Rampage  .   (no gloves)
Will    .....                   x - +0 pair of boots
Stlth   ..........              (no amulet)
HPRegen 0.26/turn               g - +6 ring of strength
MPRegen 0.13/turn               m - ring of see invisible

@: mighty, studying Ice Magic, lightly drained
A: reduced essence, horns 2, retaliatory headbutt
a: Renounce Religion, Recall Ancestor, Ancestor Identity, Transference, Idealise


You were on level 14 of the Dungeon.
You worshipped Hepliaklqana.
Hepliaklqana was greatly pleased with you.
You visited 2 branches of the dungeon, and saw 15 of its levels.
You also visited: Ossuary, Bailey and Ice Cave.

You collected 1590 gold pieces.

Inventory:

Hand Weapons
 a - a +0 war axe of freezing (weapon)
 P - a +5 broad axe
Missiles
 i - 2 throwing nets
 r - 36 boomerangs
 E - 8 javelins
Armour
 k - a +0 cloak (worn)
 l - a +0 plate armour (worn)
 x - a +0 pair of boots (worn)
 F - a +0 kite shield of protection (worn)
Jewellery
 g - a +6 ring of strength (left hand)
 m - a ring of see invisible (right hand)
 w - a +4 ring of protection
Wands
 t - a wand of mindburst (6)
 z - a wand of digging (17)
 C - a wand of flame (47)
 D - a wand of iceblast (5) (quivered)
 K - a wand of polymorph (1)
Scrolls
 p - 4 scrolls of teleportation
 u - 4 scrolls of fear
 y - 2 scrolls of enchant armour
 B - a scroll of torment {unknown}
 M - a scroll of noise {unknown}
 N - a scroll of fog {unknown}
Potions
 b - a potion of resistance
 c - a potion of berserk rage {unknown}
 d - a potion of heal wounds
 e - 5 potions of brilliance {unknown}
 f - 10 potions of curing
 h - 2 potions of flight {unknown}
 j - 2 potions of invisibility {unknown}
 n - a potion of degeneration {unknown}
 o - 3 potions of mutation {unknown}
 q - a potion of lignification {unknown}
 v - 3 potions of magic {unknown}
 A - 3 potions of ambrosia {unknown}
 G - a potion of might
 I - a potion of cancellation {unknown}
 J - 4 potions of haste {unknown}
Miscellaneous
 L - a phantom mirror


   Skills:
 + Level 11.0 Fighting
 + Level 14.3 Axes
 * Level 6.8 Throwing
 + Level 13.1 Armour
 - Level 3.1 Dodging
 + Level 3.1 Stealth
 + Level 9.1 Shields
 * Level 9.4 Evocations


You had 12 spell levels left.
You didn't know any spells.
Your spell library contained the following spells:

 Spells                   Type           Power      Damage    Failure   Level
 Foxfire                  Conj/Fire      0%         2x1d4     100%        1
 Sting                    Tmut/Pois      0%         1d3       100%        1
 Ensorcelled Hibernation  Hex/Ice        0%         N/A       100%        2
 Passwall                 Tmut/Erth      0%         N/A       100%        2
 Poisonous Vapours        Pois/Air       0%         N/A       100%        2
 Scorch                   Fire           0%         2d5       100%        2
 Conjure Flame            Conj/Fire      0%         6-21      100%        3
 Inner Flame              Hex/Fire       0%         N/A       100%        3
 Portal Projectile        Hex/Tloc       0%         N/A       100%        3
 Swiftness                Air            0%         N/A       100%        3
 Tukima's Dance           Hex            0%         N/A       100%        3
 Animate Dead             Necr           0%         N/A       100%        4
 Flame Wave               Conj/Fire      0%         2d4       100%        4
 Olgreb's Toxic Radiance  Pois           0%         N/A       100%        4
 Passage of Golubria      Tloc           0%         N/A       100%        4
 Blade Hands              Tmut           0%         N/A       100%        5
 Excruciating Wounds      Necr           0%         N/A       100%        5
 Yara's Violent Unravell  Hex/Tmut       0%         3d3       100%        5
 Summon Cactus Giant      Summ           0%         N/A       100%        6
 Haunt                    Necr/Summ      0%         N/A       100%        7
 Infestation              Necr           0%         N/A       100%        8


Dungeon Overview and Level Annotations

Branches:
Dungeon (14/15)            Temple (1/1) D:4            Lair (0/6) D:9
    Orc (0/2) D:10         Vaults (0/5) D:13        Ossuary (visited)
 Bailey (visited)           IceCv (visited)

Altars:
Ashenzari
Cheibriados
Dithmenos
Elyvilon
Fedhas
Gozag
Hepliaklqana
Kikubaaqudgha
Makhleb
Nemelex Xobeh
Okawaru
Qazlal
Ru
Sif Muna
Trog
Uskayaw
Vehumet
Wu Jian
Xom
Yredelemnul
Zin
The Shining One

Shops:
D:3 *

Annotations:
D:14 3 runed translucent doors, Pios Xaciraj's ghost, journeyman DgWz; Snorg


Innate Abilities, Weirdness & Mutations

Your life essence is reduced to manifest your ancestor. (-10% HP)
You have a pair of horns on your head.
You reflexively headbutt those who attack you in melee.


Message History

The ghostly flame explodes!
The ghostly fireball engulfs you!
You feel drained.
The ghostly fireball engulfs Josephine.
Josephine completely resists.
You hit Josephine. You freeze Josephine.
Josephine is almost dead.
Josephine points at you and mumbles some strange words.
The ghostly flame explodes!
The ghostly fireball engulfs you but does no damage.
The ghostly fireball engulfs Josephine.
Josephine completely resists.
Unknown command.
You barely miss Josephine.
Josephine is almost dead.
Josephine points at you and mumbles some strange words.
The ghostly flame explodes!
The ghostly fireball engulfs you!
You feel drained.
* * * LOW HITPOINT WARNING * * *
The ghostly fireball engulfs Josephine.
Josephine completely resists.
You slash Josephine! You freeze Josephine.
You kill Josephine!
Snorg goes berserk!
Your Fighting skill increases to level 11!
Unknown command.
You block Snorg's attack. Snorg claws you but does no damage. x2
Items here: ) / [ †.
You slice Snorg!! You freeze Snorg!
Snorg is severely wounded.
Snorg bites you.
* * * LOW HITPOINT WARNING * * *
Snorg claws you.
* * * LOW HITPOINT WARNING * * *
Snorg claws you but does no damage. Snorg bites you!
* * * LOW HITPOINT WARNING * * *
Snorg claws you but does no damage. You block Snorg's attack.
Blink to where?
Press: ? - help, Dir - move target
As you read the scroll of blinking, it crumbles to dust.
You see here a +0 hand axe.
There is a stone staircase leading up, spattered with blood here.
Snorg bites you.
* * * LOW HITPOINT WARNING * * *
Snorg closely misses you. Snorg claws you!
You die...

.......# #......# ...[...#
#......# .......# #......#
.......####### #......#
.............. #......#
.......##########(.....#
##....z.........(......#
.#..#############T.....#
.#..............@#.##.##
u#...###.##)#..).#..#.#
.#.....R##...)###..#..#
.#..###.#.......##.##.##
.#......)...##§..#.##..##
.#..#####..##☼§§.#.##§#.##
##..# ##).#§ #.).##.)..#
....#
#.#.§§§##...##.#......#
....#
#.#...##...)#########.#


You could see Snorg (berserk).

Vanquished Creatures
  An orc warlord (Bailey)
  Josephine (D:14)
  An ogre mage (D:13)
  2 centaur warriors
  A boulder beetle (D:13)
  2 tengu warriors
  3 two-headed ogres
  7 skeletal warriors
  2 orc knights
  6 ugly things
  2 manticores (D:11)
  2 cyclopes (D:14)
  A gargoyle (D:12)
  3 ice statues (IceCv)
  A freezing wraith (IceCv)
  Psyche (D:9)
  2 anaconda simulacra (IceCv)
  A yaktaur (D:11)
  A meliai (D:14)
  Prince Ribbit (D:6)
  2 slime creatures (D:5)
  Sigmund (D:4)
  A shadow (D:7)
  2 wraiths (D:14)
  A dire elephant simulacrum (IceCv)
  A wyvern (D:9)
  2 basilisks
  Grum (D:8)
  Menkaure (D:6)
  2 acid dragons
  Duvessa (D:5)
  An ice beast (D:7)
  6 orc warriors
  A black bear (D:8)
  A sky beast (D:7)
  3 ogres
  A necrophage (D:5)
  6 centaurs
  2 wolves (D:8)
  2 elf zombies (Ossuary)
  A phantom (D:5)
  5 kobold brigands
  A bullfrog (D:8)
  A wyvern zombie (D:9)
  3 gnoll sergeants
  A scorpion (D:5)
  2 cane toad simulacra (IceCv)
  Dowan (D:5)
  An elephant simulacrum (IceCv)
  10 killer bees
  A howler monkey (D:8)
  6 wights
  2 centaur zombies
  A bullfrog zombie (D:5)
  A lava snake (D:7)
  6 jellies
  A gnoll shaman (D:4)
  5 hounds
  2 bullfrog skeletons (D:5)
  8 orc priests
  A centaur skeleton (D:7)
  2 iguanas
  7 orc wizards
  2 hound zombies (D:5)
  2 mummies (Ossuary)
  4 adders
  32 gnolls
  9 white imps
  3 adder zombies (Ossuary)
  2 adder skeletons (D:4)
  2 worms
  2 dart slugs
  33 orcs
  7 bats
  9 endoplasms
  5 goblins
  5 hobgoblins
  3 quokkas
  4 ball pythons
  A frilled lizard (D:2)
  3 goblin zombies (Ossuary)
  4 hobgoblin zombies (Ossuary)
  2 jackal zombies (Ossuary)
  19 kobolds
  2 kobold zombies (Ossuary)
  2 orc zombies (Ossuary)
  2 quokka zombies (Ossuary)
  3 rats
  3 rat zombies (Ossuary)
313 creatures vanquished.

Vanquished Creatures (collateral kills)
  A death knight (D:11)
  A centaur warrior (D:13)
  2 boulder beetles
  2 two-headed ogres
  A deep elf pyromancer (D:7)
  A centaur zombie (D:11)
  Joseph (D:10)
  A troll (D:12)
  2 meliai (D:14)
  A hornet (D:10)
  A slime creature (D:11)
  A vampire (D:11)
  A wraith (D:14)
  Eustachio (D:6)
  Edmund (D:6)
  5 orc warriors
  A sky beast (D:7)
  2 wolves (D:8)
  4 centaurs
  A boggart (D:13)
  2 elf zombies (Ossuary)
  3 kobold brigands (D:13)
  A gnoll sergeant (D:10)
  A cane toad simulacrum (IceCv)
  5 killer bees
  A wight (D:8)
  2 howler monkeys (D:8)
  A hound (D:7)
  2 human zombies (Ossuary)
  A jelly (D:5)
  An orc priest (D:10)
  A gnoll shaman (D:6)
  2 orc wizards (D:7)
  A wolf simulacrum (IceCv)
  2 human simulacra (D:14)
  A mummy (Ossuary)
  A howler monkey zombie (D:8)
  6 gnolls
  5 white imps
  An adder zombie (Ossuary)
  10 orcs
  4 goblins
  2 hobgoblins (Bailey)
  8 kobolds
  A gnoll zombie (Ossuary)
  A goblin zombie (Ossuary)
  2 jackal zombies (Ossuary)
  A kobold zombie (Ossuary)
  A rat zombie (Ossuary)
101 creatures vanquished.

Vanquished Creatures (others)
  18 battlemagi
  6 fungi (D:5)
  6 plants (D:4)
  9 toadstools (D:5)
39 creatures vanquished.

Grand Total: 453 creatures vanquished

Notes
Turn   | Place    | Note
-------+----------+-------------------------------------------
     0 | D:1      | cbfl8 the Minotaur Fighter began the quest for the Orb.
     0 | D:1      | Reached XP level 1. HP: 19/19 MP: 0/0
   238 | D:1      | Reached XP level 2. HP: 26/27 MP: 1/1
   425 | D:1      | Found a faded altar of an unknown god.
  1294 | D:3      | Reached XP level 3. HP: 33/33 MP: 2/2
  1346 | D:3      | Found Guipsat's General Store.
  1414 | D:3      | Reached skill level 1 in Evocations
  1417 | D:3      | Reached skill level 3 in Axes
  1466 | D:3      | Found a sparkling altar of Nemelex Xobeh.
  1466 | D:3      | Found an opulent altar of Gozag.
  1473 | D:3      | Found a blossoming altar of Fedhas.
  1686 | D:3      | Found a hazy altar of Hepliaklqana.
  1988 | D:4      | Found an iron altar of Okawaru.
  1988 | D:4      | Noticed an orc warrior
  2086 | D:4      | Found a staircase to the Ecumenical Temple.
  2101 | Temple   | Entered the Ecumenical Temple
  2369 | D:3      | Killed an orc warrior
  2370 | D:3      | Reached skill level 4 in Axes
  2370 | D:3      | Reached XP level 4. HP: 14/41 MP: 3/3
  2370 | D:3      | Reached XP level 5. HP: 16/47 MP: 4/4
  2911 | D:4      | Reached skill level 1 in Dodging
  3083 | D:3      | Became a worshipper of Hepliaklqana the Forgotten
  3230 | D:4      | Noticed an ogre
  3235 | D:4      | Killed an ogre
  3236 | D:4      | Reached skill level 5 in Fighting
  3236 | D:4      | Reached skill level 5 in Axes
  3236 | D:4      | Reached skill level 5 in Armour
  3236 | D:4      | Reached XP level 6. HP: 41/56 MP: 5/5
  3880 | D:4      | Noticed Sigmund
  3890 | D:4      | Killed Sigmund
  3891 | D:4      | Reached XP level 7. HP: 44/61 MP: 6/6
  3919 | D:4      | Identified the +5 hand axe "Qunidag" {freeze, Str+4 Int+4
                  | SInv}
  5160 | D:5      | Entered Level 5 of the Dungeon
  5170 | D:5      | Reached skill level 6 in Axes
  5314 | D:5      | Reached XP level 8. HP: 61/70 MP: 7/7
  5410 | D:5      | You fall into a shaft and drop 1 floor!
  5417 | D:6      | Reached * piety under Hepliaklqana
  5441 | D:6      | Noticed Menkaure
  5525 | D:5      | Noticed a slime creature
  5525 | D:5      | Noticed a slime creature
  5525 | D:5      | Noticed a slime creature
  5527 | D:5      | Reached skill level 7 in Axes
  5758 | D:5      | Noticed Duvessa
  5758 | D:5      | Noticed Dowan
  5769 | D:5      | Killed Duvessa
  5772 | D:5      | Killed Dowan
  6260 | D:5      | Killed a slime creature
  6468 | D:5      | Reached XP level 9. HP: 70/70 MP: 8/8
  6752 | D:5      | Killed a large slime creature
  6753 | D:5      | Reached skill level 8 in Axes
  7039 | D:5      | Reached skill level 5 in Evocations
  7080 | D:6      | Killed Menkaure
  7081 | D:6      | Reached skill level 5 in Shields
  7154 | D:6      | Noticed Edmund
  7165 | D:6      | Killed Edmund
  7865 | D:6      | Noticed Eustachio
  7867 | D:6      | Noticed Prince Ribbit
  7875 | D:6      | Killed Eustachio
  7876 | D:6      | Reached skill level 1 in Stealth
  7890 | D:6      | Killed Prince Ribbit
  8284 | D:7      | Found a hide-covered altar of Uskayaw.
  8285 | D:7      | Found a white marble altar of Elyvilon.
  8643 | D:7      | Reached skill level 9 in Axes
  8841 | D:7      | Reached XP level 10. HP: 70/80 MP: 9/9
  8966 | D:7      | Found a burning altar of Makhleb.
  8978 | D:7      | Reached ** piety under Hepliaklqana
  9051 | D:7      | Noticed a deep elf pyromancer
  9053 | D:7      | Remembered your ancestor Valentine as a battlemage
  9071 | D:7      | Killed a deep elf pyromancer
  9939 | D:8      | Noticed Grum
  9949 | D:8      | Killed Grum
  9950 | D:8      | Reached skill level 10 in Armour
 10021 | D:8      | Found a sand-covered staircase.
 10042 | Ossuary  | Entered an ossuary
 10206 | Ossuary  | Reached skill level 10 in Axes
 11307 | D:9      | Found a flagged portal.
 11335 | Bailey   | Entered a bailey
 11360 | Bailey   | Noticed an orc warlord
 11402 | Bailey   | Noticed an orc knight
 11410 | Bailey   | Killed an orc knight
 11411 | Bailey   | Reached skill level 11 in Axes
 11411 | Bailey   | Reached skill level 1 in Throwing
 11545 | Bailey   | Found a runed translucent gate.
 11560 | Bailey   | Found a runed translucent gate.
 11562 | Bailey   | Found a runed translucent gate.
 11766 | Bailey   | Killed an orc warlord
 11767 | Bailey   | Reached XP level 11. HP: 87/87 MP: 10/10
 11803 | D:9      | Acquired 653 gold pieces
 11823 | D:9      | Reached *** piety under Hepliaklqana
 11853 | D:9      | Found a staircase to the Lair.
 11910 | D:9      | Noticed a two-headed ogre
 11918 | D:9      | Killed a two-headed ogre
 12091 | D:9      | Noticed Psyche
 12106 | D:9      | Killed Psyche
 12746 | D:10     | Entered Level 10 of the Dungeon
 12866 | D:10     | Paralysed by a hornet for 1 turns
 12993 | D:10     | Reached skill level 12 in Axes
 13303 | D:10     | Found a staircase to the Orcish Mines.
 13483 | D:10     | Noticed Joseph
 13497 | D:10     | Killed Joseph
 14012 | D:11     | Reached **** piety under Hepliaklqana
 14533 | D:11     | Noticed a skeletal warrior
 14533 | D:11     | Noticed a skeletal warrior
 14534 | D:11     | Noticed a death knight
 14534 | D:11     | Noticed a centaur warrior
 14534 | D:11     | Noticed a purple ugly thing
 14534 | D:11     | Noticed a purple ugly thing
 14534 | D:11     | Noticed a skeletal warrior
 14534 | D:11     | Noticed a tengu warrior
 14535 | D:11     | Noticed a skeletal warrior
 14739 | D:11     | Killed a skeletal warrior
 14740 | D:11     | Killed a skeletal warrior
 14743 | D:11     | Killed a skeletal warrior
 14751 | D:11     | Killed a skeletal warrior
 14804 | D:11     | Noticed a boulder beetle
 15430 | D:11     | Killed a death knight
 15470 | D:11     | Killed a centaur warrior
 15471 | D:11     | Reached XP level 12. HP: 47/95 MP: 11/11
 15885 | D:11     | Killed a tengu warrior
 15949 | D:11     | Reached skill level 10 in Fighting
 16010 | D:11     | Killed a boulder beetle
 16622 | D:11     | Reached skill level 13 in Axes
 16631 | D:11     | Reached skill level 5 in Throwing
 17489 | D:12     | Identified the -3 cloak "Elauck" {+Inv rN+}
 17820 | D:13     | Found a frozen archway.
 18118 | IceCv    | Entered an ice cave
 19277 | D:13     | Noticed an ogre mage
 19277 | D:13     | Noticed a two-headed ogre
 19279 | D:13     | Noticed a two-headed ogre
 19738 | D:13     | Noticed a tengu warrior
 19738 | D:13     | Noticed a centaur warrior
 19748 | D:12     | Killed a tengu warrior
 19862 | D:13     | Killed a centaur warrior
 20141 | D:13     | Noticed a centaur warrior
 20361 | D:13     | Killed a centaur warrior
 20811 | D:13     | Killed a two-headed ogre
 20892 | D:13     | Reached XP level 13. HP: 102/102 MP: 12/12
 21165 | D:13     | Found a gate to the Vaults.
 21184 | D:13     | Reached skill level 14 in Axes
 21924 | D:14     | Noticed a fire dragon
 21927 | D:14     | Noticed Pios Xaciraj's ghost (journeyman DgWz)
 21935 | D:14     | Found a runed translucent gate.
 21935 | D:14     | Found a runed translucent gate.
 21939 | D:14     | Found a runed translucent gate.
 22203 | D:14     | Noticed a quicksilver ooze
 22203 | D:14     | a quicksilver ooze changed into an ice dragon
 22217 | D:14     | Noticed an entropy weaver
 22217 | D:14     | an ice dragon changed into an entropy weaver
 22920 | D:14     | Noticed a quicksilver ooze
 22920 | D:14     | a tyrant leech changed into a quicksilver ooze
 22921 | D:14     | Noticed an entropy weaver
 22921 | D:14     | a quicksilver ooze changed into an entropy weaver
 22927 | D:14     | Noticed an emperor scorpion
 22927 | D:14     | an entropy weaver changed into an emperor scorpion
 22928 | D:14     | Noticed an azure jelly
 22928 | D:14     | an emperor scorpion changed into an azure jelly
 23546 | D:14     | Noticed Josephine
 23550 | D:14     | Noticed Snorg
 23564 | D:14     | Killed Josephine
 23566 | D:14     | HP: 5/101 [Snorg (13)]
 23573 | D:14     | HP: 3/101 [Snorg (4)]
 23573 | D:14     | Slain by Snorg

Illustrated notes

Levels and vault maps discovered:
D:1:      ncdulo_watergridlock, layout_rooms, ebering_ecumenical_altar_webs
D:2:      layout_basic, minmay_hexomino_p4
D:3:      layout_basic, grunt_temple_overflow_opulence,
          nicolae_overflow_hidden_temple, fedhas_altar_3, serial_shops,
          nicolae_shop_stone, st_stairs_6, hangedman_abyss_or_decor_lesser_grid,
          minmay_pentangle
D:4:      layout_loops_corners, okawaru_ov_weapons_minmay,
          minmay_temple_entry_overgrown, supply_closet_lemuel,
          pf_guarded_unrand_woodcutter, uniq_sigmund
D:5:      cheibrodos_fertilizer, layout_basic, grunt_ministairs_13,
          minmay_starry_boxes, uniq_duvessa
D:6:      layout_basic, serial_rivers, chequers_serial_rivers_room_a,
          chequers_serial_rivers_large_b, chequers_serial_rivers_micro_b,
          chequers_serial_rivers_micro_d, chequers_serial_rivers_room_a,
          uniq_eustachio, uniq_prince_ribbit1, uniq_edmund, uniq_menkaure
D:7:      layout_loops_ring, mainiacjoe_overflow_divided_tiny,
          makhleb_heckhound_becter, grunt_decor_junction
D:8:      layout_basic, nicolae_ossuary_entry_monument, uniq_grum
D:9:      layout_basic, lair_entry_dummy, enter_bailey_5, uniq_psyche
D:10:     layout_basic, orc_0_dummy, minmay_sticks_and_stones
D:11:     layout_roguey, minivault_28
D:12:     layout_loops_ring
D:13:     layout_cross, hangedman_vaults_entry_quadrant_bands,
          portal_ice_cave_entry_imps
D:14:     layout_basic, roderic_roman_lattice, gammafunk_ghost_split,
          bh_circular_ruins, uniq_josephine, uniq_snorg, uniq_rupert
Temple:   jpeg_temple_clearing

Skill      XL: |  1  2  3  4  5  6  7  8  9 10 11 12 13 |
---------------+----------------------------------------+-----
Fighting       | 4 5 6 8 9 10 11 | 11.0
Armour         | 4 5 6 7 9 10 11 12 13 | 13.1
Evocations     | 1 2 3 4 5 7 8 9 |  9.4
Axes           | 4 5 6 7 9 11 12 13 14 | 14.3
Dodging        | 1 2 3 |  3.1
Shields        | 4 5 6 7 8 9 |  9.1
Stealth        | 1 2 3 |  3.1
Throwing       | 1 4 6 |  6.8

Action                   |  1- 3 |  4- 6 |  7- 9 | 10-12 | 13-15 || total
-------------------------+-------+-------+-------+-------+-------++-------
Melee: War axe           |    68 |    48 |   199 |   537 |   127 ||   979
       Headbutt          |     6 |    13 |    33 |   109 |    44 ||   205
       Hand axe          |       |       |     2 |       |       ||     2
       Punch             |       |       |       |     1 |       ||     1
Invok: Ancestor Identity |       |       |     1 |       |       ||     1
       Ancestor Life: Ba |       |       |       |     1 |       ||     1
       Recall Ancestor   |       |       |       |     2 |       ||     2
Evoke: Wand              |       |       |     4 |    44 |     5 ||    53
  Use: Potion            |     1 |       |       |     8 |     1 ||    10
       Scroll            |       |       |     9 |    18 |     1 ||    28
 Stab: Distracted        |       |       |       |    11 |     1 ||    12
Armor: Scale mail        |    10 |       |       |       |       ||    10
       Chain mail        |    29 |    25 |    88 |    34 |       ||   176
       Plate armour      |       |       |       |   324 |    65 ||   389
Dodge: Dodged            |    44 |    22 |    80 |   197 |    28 ||   371
Block: Buckler           |    11 |    16 |    49 |    66 |       ||   142
       Kite shield       |       |       |       |   171 |    54 ||   225
